 Dungeon Crawl Stone Soup version 0.23-b1-13-gf37ab262a9 (webtiles) character file.

Game seed: 13658986271380619525

498 Kohma the Shield-Bearer (level 7, -12/56 HPs)
             Began as a Formicid Fighter on Feb 2, 2019.
             Mangled by an ogre
             ... wielding a +0 giant spiked club
              (30 damage)
             ... on level 4 of the Dungeon.
             The game lasted 00:15:17 (3497 turns).

Kohma the Shield-Bearer (Formicid Fighter)          Turns: 3497, Time: 00:15:17

Health: -12/56     AC: 10    Str: 22    XL:     7   Next: 39%
Magic:  7/7        EV:  6    Int:  8    God:
Gold:   202        SH: 10    Dex: 10    Spells: 6/6 levels left

rFire    . . .     SeeInvis +   a - +1 war axe
rCold    . . .     Gourm    .   c - +0 shield
rNeg     . . .     Faith    +   u - +0 chain mail
rPois    .         Spirit   .   (helmet unavailable)
rElec    .         Reflect  .   (no cloak)
rCorr    .         Harm     .   l - +0 pair of gloves
MR       .....                  (no boots)
Stlth    ..........             v - amulet of faith
HPRegen  0.18/turn              (no ring)
MPRegen  0.10/turn              (no ring)

@: no status effects
A: permanent stasis, dig shafts and tunnels, four strong arms, antennae 3
a: Dig, Shaft Self


You were on level 4 of the Dungeon.
You were not hungry.

You visited 1 branch of the dungeon, and saw 4 of its levels.
You also visited: Ossuary.

You collected 202 gold pieces.

Inventory:

Hand Weapons
 a - a +1 war axe (weapon)
Missiles
 w - 2 javelins (quivered)
Armour
 c - a +0 shield (worn)
 l - a +0 pair of gloves (worn)
 u - a +0 chain mail (worn)
Jewellery
 v - an amulet of faith (around neck)
 A - an uncursed ring of protection from cold {unknown}
Wands
 s - a wand of polymorph (11)
Scrolls
 b - a scroll of enchant weapon
 g - 9 scrolls of remove curse
 r - a scroll of identify
 y - 2 scrolls of fear
Potions
 d - 2 potions of might
 e - 3 potions of heal wounds {unknown}
 h - a potion of lignification {unknown}
 j - 3 potions of invisibility {unknown}
 k - 7 potions of degeneration {unknown}
 m - 2 potions of berserk rage {unknown}
 n - 2 potions of curing {unknown}
 o - a potion of magic {unknown}
 p - a potion of agility {unknown}
 q - 2 potions of mutation {unknown}
 x - a potion of flight {unknown}
 z - a potion of ambrosia {unknown}
 B - a potion of haste {unknown}
Comestibles
 f - 7 rations
 t - 9 chunks of flesh


   Skills:
 + Level 5.1 Fighting
 * Level 5.5 Axes
 - Level 3.2 Armour
 + Level 5.7 Shields


You had 6 spell levels left.
You didn't know any spells.
Your spell library was empty.

Dungeon Overview and Level Annotations

Branches:
Dungeon (4/15)
 Temple: D:4-7

Altars:


Innate Abilities, Weirdness & Mutations

You cannot be hasted, slowed, berserked, paralysed or teleported.
You can dig through walls and to a lower floor.
Your four strong arms can wield two-handed weapons with a shield.
You have a pair of large antennae on your head. (SInv)


Message History

The ogre hits you with a +0 giant spiked club!!
You see here a jackal skeleton.
The phantom blinks!
Your shield and chain mail prevent you from hitting the phantom.
You block the phantom's attack.
You closely miss the phantom.
The phantom blinks!
You slash the ogre!
The ogre is severely wounded.
The ogre barely misses you.
You hit the ogre.
The ogre is almost dead.
The ogre hits you with a +0 giant spiked club!!
Your shield prevents you from hitting the ogre.
The ogre is almost dead.
You block the ogre's attack.
Your chain mail prevents you from hitting the ogre.
The ogre is almost dead.
The ogre hits you with a +0 giant spiked club!!
Ouch! That really hurt!
You die...

###.##.....##
#........###
#......### ######
#......# #....#
#......######
#.....
#......#....#
#.....
###.####...รท#
##....
#.####....####....
#@OW..............
####.........#....
#.........#....
#.........#....
#.........#....
###############


You could see a phantom and an ogre.

Vanquished Creatures
  A scorpion (D:4)
  A crimson imp (D:3)
  A centaur zombie (Ossuary)
  2 hounds (D:4)
  An orc priest (D:4)
  2 orc wizards
  A big kobold zombie (Ossuary)
  4 mummies
  4 gnolls (D:2)
  3 adders
  2 worms
  A dart slug (D:2)
  A leopard gecko (D:1)
  8 orcs
  5 giant cockroaches
  8 goblins
  8 hobgoblins
  9 jackals
  7 kobolds
  A quokka (D:3)
  4 ball pythons
  8 bats
  6 frilled lizards
  5 goblin zombies
  2 kobold zombies
  An orc zombie (Ossuary)
  7 rats
103 creatures vanquished.

Notes
Turn   | Place    | Note
-------+----------+-------------------------------------------
     0 | D:1      | Kohma the Formicid Fighter began the quest for the Orb.
     0 | D:1      | Reached XP level 1. HP: 18/18 MP: 1/1
   123 | D:1      | Reached XP level 2. HP: 20/24 MP: 2/2
   441 | D:1      | Reached XP level 3. HP: 29/29 MP: 3/3
   627 | D:2      | Reached XP level 4. HP: 31/37 MP: 4/4
  1105 | D:2      | Reached XP level 5. HP: 33/42 MP: 5/5
  1960 | D:3      | Reached XP level 6. HP: 44/49 MP: 6/6
  2454 | D:4      | Reached skill level 5 in Shields
  2489 | D:4      | Found a sand-covered staircase.
  2598 | Ossuary  | Entered an ossuary
  2820 | Ossuary  | Reached skill level 5 in Axes
  2824 | Ossuary  | Reached XP level 7. HP: 36/55 MP: 7/7
  3161 | D:4      | Reached skill level 5 in Fighting
  3497 | D:4      | Mangled by an ogre

Skill      XL: |  1  2  3  4  5  6  7 |
---------------+----------------------+-----
Shields        | 4 5 |  5.7
Axes           | 3 4 5 |  5.5
Fighting       | 4 5 |  5.1
Armour         | |  3.2

Action                   |  1- 3 |  4- 6 |  7- 9 || total
-------------------------+-------+-------+-------++-------
Melee: War axe           |   113 |   256 |    64 ||   433
 Abil: Dig               |     1 |       |       ||     1
  Use: Scroll            |       |     8 |     2 ||    10
  Eat: Chunk             |       |     7 |     2 ||     9
Armor: Scale mail        |    65 |    17 |       ||    82
       Chain mail        |       |    80 |    25 ||   105
Dodge: Dodged            |    40 |    61 |     8 ||   109
Block: Shield            |   101 |   136 |    20 ||   257
